 Dungeon Crawl Stone Soup version 0.26-a0-694-g74916bafe0 (webtiles) character file.

Game seed: 8677426715265622740

8 tazzadar the Grave Robber (level 2, -15/19 HPs)
             Began as a Mummy Necromancer on Nov 6, 2019.
             Killed from afar by a dart slug (31 damage)
             ... with an exploding inner flame
             ... hexed by the player character
             ... on level 1 of the Dungeon on Oct 25, 2020.
             The game lasted 00:07:30 (294 turns).

tazzadar the Grave Robber (Mummy Necromancer)        Turns: 294, Time: 00:07:35

Health: -15/19     AC:  2    Str: 11    XL:     2   Next: 0%
Magic:  5/5        EV: 12    Int: 14    God:
Gold:   6          SH:  0    Dex: 12    Spells: 5/6 levels left

rFire    x . .     SeeInvis .   b - +0 dagger
rCold    + . .     Faith    .   (no shield)
rNeg     + + +     Spirit   .   a - +0 robe
rPois    ∞         Reflect  .   (no helmet)
rElec    .         Harm     .   (no cloak)
rCorr    .         Rampage  .   (no gloves)
MR       .....                  (no boots)
Stlth    ++........             (no amulet)
HPRegen  0.06/turn              (no ring)
MPRegen  0.09/turn              (no ring)

@: no status effects
A: no potions, fire vulnerability, cold resistance 1, negative energy resistance
3, torment resistance, unbreathing
a: no special abilities


You were on level 1 of the Dungeon.
You visited 1 branch of the dungeon, and saw 1 of its levels.

You collected 6 gold pieces.

Inventory:

Hand Weapons
 b - a +0 dagger (weapon)
Missiles
 c - 31 stones (quivered)
Armour
 a - a +0 robe (worn)
Scrolls
 e - a scroll of identify {unknown}


   Skills:
 + Level 1.5 Dodging
 + Level 1.5 Stealth
 + Level 2.6 Spellcasting
 + Level 4.4 Necromancy


You had 5 spell levels left.
You knew the following spells:

 Your Spells              Type           Power        Failure   Level
a - Pain                  Necr           ##..         3%          1

Your spell library contained the following spells:

 Spells                   Type           Power        Failure   Level
 Animate Skeleton         Necr           ##....       3%          1
 Vampiric Draining        Necr           ##........   11%         3
 Animate Dead             Necr           ##........   34%         4


Dungeon Overview and Level Annotations

Branches:
Dungeon (1/15)

Altars:


Innate Abilities, Weirdness & Mutations

You do not drink.
Your flesh is vulnerable to fire.
You are immune to poison.
Your flesh is cold resistant. (rC+)
You are immune to negative energy. (rN+++)
You are immune to unholy pain and torment.
You can survive without breathing.


Message History

The bat misses you.
You hit the bat.
You kill the bat!
You have reached level 2!
A dart slug comes into view.
The dart slug launches a dart at you. The slug dart hits you.
You see here a scroll labeled DIDGHO BASAKIO.
e - a scroll labeled DIDGHO BASAKIO You hit the dart slug but do no damage.
The dart slug bites you.
As you read the scroll labeled JOMUSTR WUPS, it crumbles to dust.
The creatures around you are filled with an inner flame!
It was a scroll of immolation.
You hit the dart slug.
Flame seeps out of the dart slug.
The dart slug is moderately wounded.
The dart slug is engulfed in blazing flames.
The dart slug explodes!
The fiery explosion engulfs you!! The fire burns you terribly!
Ouch! That really hurt!
You die...

##### ...# ...#
#..# #..# +§§#
#§○# #.@# .# #..#
.# #..# ###.#
#..####### ....+
+......... ....#
#.########
....##+#####+##.#
................#
.......########.#


There were no monsters in sight!

Vanquished Creatures
  A dart slug (D:1)
  2 bats (D:1)
  A giant cockroach (D:1)
  A goblin (D:1)
5 creatures vanquished.

Notes
Turn   | Place    | Note
-------+----------+-------------------------------------------
     0 | D:1      | tazzadar the Mummy Necromancer began the quest for the Orb.
     0 | D:1      | Reached XP level 1. HP: 13/13 MP: 4/4
    16 | D:1      | Upgraded the game from 0.25-a0-73-g9796ba8d15 to
                  | 0.26-a0-694-g74916bafe0
   286 | D:1      | Reached XP level 2. HP: 19/19 MP: 5/5
   294 | D:1      | Killed from afar by a dart slug

Illustrated notes

Levels and vault maps discovered:
D:1:      dpeg_arrival_connections, layout_basic, roderic_cross_of_infinity,
          serial_park_tiny_1

Action                   || total
-------------------------++-------
Melee: Dagger            ||    19
       Unarmed           ||     4
  Use: Scroll            ||     1
Armor: Robe              ||     6
Dodge: Dodged            ||    11

Table legend: (Time is in decaauts)
 A = Elapsed time spent in this place.
 B = Non-inter-level travel time spent in this place.
 C = Inter-level travel time spent in this place.
 D = Time resting spent in this place.
 E = Time spent auto-exploring this place.
 F = Levels seen in this place.
 G = Mean time per level.
                   A        B        C        D        E       F      G
               +--------+--------+--------+--------+--------+-----+--------+
         Total |    293 |    293 |      0 |    121 |      0 |   1 |  293.0 |
       Dungeon |    293 |    293 |      0 |    121 |      0 |   1 |  293.0 |
               +--------+--------+--------+--------+--------+-----+--------+

Top non-repeatable levels by time:
     D:1: 277 daAuts
Note: time per level data comes from an upgraded game and may be incomplete.
